 Dungeon Crawl Stone Soup version 0.26-a0-708-g17f3b190f9 (webtiles) character file.

Game seed: 3272443328253620515

16490 robertstho the Frost Mage (level 12, -4/91 HPs)
             Began as a Gnoll Ice Elementalist on Oct 27, 2020.
             Was an Elder of Sif Muna.
             Killed by divine providence
             ... invoked by a smoke demon
             ... summoned by an orc sorcerer
              (11 damage)
             ... on level 2 of the Orcish Mines.
             The game lasted 00:30:38 (15663 turns).

robertstho the Frost Mage (Gnoll Ice Elementalist) Turns: 15663, Time: 00:30:40

Health: -4/91      AC:  9    Str: 21    XL:     12   Next: 38%
Magic:  22/24      EV: 17    Int: 22    God:    Sif Muna [****..]
Gold:   1517       SH:  0    Dex: 15    Spells: 13/28 levels left

rFire    . . .     SeeInvis +   y - +7 halberd of the Slashing Hawk {vorpal, *Noise rN+ Str+9 Stlth+}
rCold    . . .     Faith    .   (shield currently unavailable)
rNeg     + . .     Spirit   .   M - +2 robe {Archmagi}
rPois    .         Reflect  .   o - +0 helmet
rElec    .         Harm     .   H - +0 cloak
rCorr    +         Rampage  .   v - +1 pair of gloves
MR       .....                  (no boots)
Stlth    +++++.....             (no amulet)
HPRegen  0.25/turn              J - ring of see invisible
MPRegen  0.19/turn              w - ring of resist corrosion

@: frozen ramparts, lightly drained
A: distributed training, fangs 1, strong nose
a: Channel Magic, Forget Spell, Divine Exegesis, Renounce Religion


You were on level 2 of the Orcish Mines.
You worshipped Sif Muna.
Sif Muna was greatly pleased with you.
You visited 3 branches of the dungeon, and saw 15 of its levels.

You collected 1517 gold pieces.

Inventory:

Hand Weapons
 y - the +7 halberd of the Slashing Hawk (weapon) {vorpal, *Noise rN+ Str+9 Stlth+}
   (You found it on level 6 of the Dungeon)

   It inflicts extra damage upon your enemies.
   It affects your strength (+9).
   It protects you from negative energy.
   It may make noises in combat.
   It makes you more stealthy.
Missiles
 r - 61 poisoned darts (quivered)
Armour
 o - a +0 helmet (worn)
 v - a +1 pair of gloves (worn)
 H - a +0 cloak (worn)
 M - a +2 robe of the Archmagi (worn)
Jewellery
 l - an uncursed ring of ice
 w - a ring of resist corrosion (right hand)
 J - a ring of see invisible (left hand)
Wands
 L - a wand of polymorph (10)
Scrolls
 d - 4 scrolls of remove curse
 e - 2 scrolls of enchant weapon
 f - 2 scrolls of enchant armour
 h - 2 scrolls of immolation
 k - a scroll of teleportation
 q - a scroll of random uselessness {unknown}
 u - a scroll of holy word {unknown}
 x - a scroll of magic mapping
 B - a scroll of amnesia
 C - 2 scrolls of noise {unknown}
 D - 2 scrolls of fog {unknown}
 G - 2 scrolls of blinking {unknown}
 K - a scroll of vulnerability {unknown}
Potions
 b - 3 potions of curing
 c - 5 potions of mutation
 i - 2 potions of might {unknown}
 j - 2 potions of cancellation
 m - 3 potions of resistance
 n - 2 potions of brilliance
 p - 7 potions of haste {unknown}
 s - a potion of berserk rage
 t - 3 potions of flight
 z - 4 potions of heal wounds {unknown}
 A - 2 potions of magic {unknown}
 E - 2 potions of lignification
 F - a potion of ambrosia {unknown}
Miscellaneous
 I - a condenser vane (2/2)


   Skills:
 + Level 7.2(6.9) Fighting
 + Level 7.2(6.9) Short Blades
 + Level 7.2(6.9) Long Blades
 + Level 7.2(6.9) Axes
 + Level 7.2(6.9) Maces & Flails
 + Level 7.2(6.9) Polearms
 + Level 7.2(6.9) Staves
 + Level 7.2(6.9) Slings
 + Level 7.2(6.9) Bows
 + Level 7.2(6.9) Crossbows
 + Level 7.2(6.9) Throwing
 + Level 7.2(6.9) Armour
 + Level 8.6(8.3) Dodging
 + Level 8.4(8.1) Stealth
 + Level 7.2(6.9) Shields
 + Level 7.2(6.9) Unarmed Combat
 + Level 8.9(8.5) Spellcasting
 + Level 6.0(5.7) Conjurations
 + Level 6.0(5.7) Hexes
 + Level 6.0(5.7) Summonings
 + Level 6.0(5.7) Necromancy
 + Level 6.0(5.7) Translocations
 + Level 6.0(5.7) Transmutations
 + Level 6.0(5.7) Fire Magic
 + Level 9.4(9.0) Ice Magic
 + Level 6.0(5.7) Air Magic
 + Level 6.0(5.7) Earth Magic
 + Level 6.0(5.7) Poison Magic
 + Level 7.9(7.6) Invocations
 + Level 7.2(6.9) Evocations


You had 13 spell levels left.
You knew the following spells:

 Your Spells              Type           Power        Failure   Level
a - Freeze                Ice            ####         1%          1
b - Frozen Ramparts       Ice            ######       1%          3
c - Ozocubu's Armour      Ice            ######..     1%          3
d - Hailstorm             Conj/Ice       ######..     3%          4
e - Summon Ice Beast      Ice/Summ       ######..     3%          4

Your spell library contained the following spells:

 Spells                   Type           Power        Failure   Level
 Magic Dart               Conj           ####         1%          1
 Blink                    Tloc           N/A          1%          2
 Call Imp                 Summ           ######..     1%          2
 Slow                     Hex            ######..     1%          2
 Sublimation of Blood     Necr           ######....   1%          2
 Conjure Flame            Conj/Fire      ######..     1%          3
 Ignite Poison            Fire/Tmut/Pois ######..     1%          3
 Mephitic Cloud           Conj/Pois/Air  ######..     1%          3
 Petrify                  Tmut/Erth      ######..     7%          4
 Alistair's Intoxication  Tmut/Pois      ######...    19%         5
 Irradiate                Conj/Tmut      ######....   19%         5
 Eringya's Noxious Bog    Tmut/Pois      ######....   71%         6


Dungeon Overview and Level Annotations

Branches:
Dungeon (12/15)            Temple (1/1) D:4            Lair (0/6) D:8
    Orc (2/2) D:9             Elf (0/3) Orc:2

Altars:
Ashenzari
Cheibriados
Dithmenos
Elyvilon
Fedhas
Gozag
Hepliaklqana
Kikubaaqudgha
Makhleb
Nemelex Xobeh
Okawaru
Qazlal
Ru
Sif Muna
Uskayaw
Vehumet
Wu Jian
Xom
Yredelemnul
Zin
The Shining One

Shops:
D:6 :

Annotations:
D:4 1 runed translucent door


Innate Abilities, Weirdness & Mutations

Your experience applies equally to all skills.
You have very sharp teeth.
Your uncanny sense of smell can sniff out nearby items.


Message History

You suddenly lose the ability to move!
The orc warrior throws a boomerang.
The boomerang hits you!
The weapon returns to the orc warrior!
The orc priest calls down the wrath of Beogh upon you.
Beogh smites you!
The orc high priest utters an invocation to Beogh.
The orc sorcerer points at you and mumbles some strange words.
The bolt of fire hits you!!
* * * LOW HITPOINT WARNING * * *
You hear a shout!
You can move again.
You feel better.
As you read the scroll of fear, it crumbles to dust.
You assume a fearsome visage.
The smoke demon is unaffected.
The rust devil is unaffected. x2; The orc priest looks frightened!
The orc warrior looks frightened!
The orc high priest looks frightened!
The orc sorcerer looks frightened! x2
The smoke demon gestures at you. Something smites you!
You die...

#.. ∆ ∆ #...#.#. ## ∆ ∆
∆ ....... ∆ ∆ #....#
#### ∆ ∆ ###...# ....# ∆
∆ ##....####..o.. ∆
#.......#......###
#.......#.......##∆
##...#.@##........######
#.......#....>o.......#.
#.....o4....#......)##).
##....3..o...#.....))...
##.....oo4.#4..........
#....................)
##....................
#####.............))...
##.#..#.................


You could see an orc high priest (fleeing), 2 rust devils, a smoke demon
(summoned), 2 orc sorcerers, an orc warrior (fleeing) and an orc priest
(fleeing).

Vanquished Creatures
  A hydra (D:12)
  A two-headed ogre (D:8)
  A centaur warrior (D:12)
  A tengu warrior (D:12)
  An orc high priest (Orc:2)
  2 orc knights (Orc:2)
  2 orc sorcerers (Orc:2)
  2 hornets
  2 trolls (D:10)
  Prince Ribbit (D:6)
  2 shadows (D:9)
  A wraith (D:12)
  2 wyverns
  6 yaks
  3 wargs (Orc:2)
  2 phantoms
  13 orc warriors
  A black bear (D:7)
  An ice beast (D:6)
  4 sky beasts
  7 ogres
  8 centaurs
  2 big kobolds
  4 bullfrogs
  4 scorpions
  A troll zombie (D:9)
  10 killer bees
  4 wights (D:10)
  3 howler monkeys (D:7)
  A gnoll shaman (D:8)
  5 hounds
  7 orc priests
  A quasit (D:9)
  3 centaur skeletons
  2 jellies
  2 bullfrog skeletons
  6 iguanas
  10 orc wizards
  9 worker ants
  4 ogre zombies (D:9)
  A hound zombie (D:7)
  2 hound skeletons
  A howler monkey zombie (D:9)
  A worker ant zombie (D:8)
  4 gnolls (D:8)
  15 adders
  5 shadow imps
  2 ufetubi
  An adder zombie (D:6)
  5 dart slugs
  3 worms
  A leopard gecko (D:7)
  55 orcs
  A ball python (D:4)
  4 bats
  2 giant cockroaches
  7 goblins
  3 hobgoblins
  11 jackals
  6 quokkas
  5 frilled lizards
  A goblin skeleton (D:9)
  A goblin zombie (D:9)
  2 hobgoblin zombies (D:9)
  16 kobolds
  2 leopard gecko skeletons
  2 orc skeletons (D:9)
  11 orc zombies (D:9)
  A quokka zombie (D:7)
  8 rats
321 creatures vanquished.

Vanquished Creatures (collateral kills)
  A two-headed ogre (Orc:1)
  The ghost of BruhMomento the Spry, a journeyman SpBr of Dithmenos (D:12)
  An orc sorcerer (Orc:2)
  Maurice (D:10)
  A troll (Orc:1)
  A tengu conjurer (D:12)
  3 yaks (D:12)
  3 vampire mosquitoes (D:12)
  A phantom (D:9)
  5 orc warriors
  An ice beast (D:6)
  4 ogres
  3 centaurs
  A wyvern zombie (D:7)
  A wight (D:10)
  6 orc priests
  2 bullfrog skeletons
  An orc wizard (Orc:2)
  3 ogre zombies (D:9)
  10 orcs
  A kobold (D:9)
  A goblin skeleton (D:9)
  An orc skeleton (D:9)
  4 orc zombies (D:9)
57 creatures vanquished.

Grand Total: 378 creatures vanquished

Notes
Turn   | Place    | Note
-------+----------+-------------------------------------------
     0 | D:1      | robertstho the Gnoll Ice Elementalist began the quest for
                  | the Orb.
     0 | D:1      | Reached XP level 1. HP: 13/13 MP: 6/6
    36 | D:1      | Reached XP level 2. HP: 16/19 MP: 3/7
   488 | D:1      | Reached XP level 3. HP: 25/25 MP: 7/9
   709 | D:2      | Reached skill level 5 in Spellcasting
   714 | D:2      | Learned a level 3 spell: Frozen Ramparts
   722 | D:2      | Reached skill level 1 in Invocations
  1144 | D:2      | Found a blossoming altar of Fedhas.
  1178 | D:2      | Reached skill level 1 in Fighting
  1178 | D:2      | Reached skill level 1 in Short Blades
  1178 | D:2      | Reached skill level 1 in Long Blades
  1178 | D:2      | Reached skill level 1 in Axes
  1178 | D:2      | Reached skill level 1 in Maces & Flails
  1178 | D:2      | Reached skill level 1 in Polearms
  1178 | D:2      | Reached skill level 1 in Staves
  1178 | D:2      | Reached skill level 1 in Slings
  1178 | D:2      | Reached skill level 1 in Bows
  1178 | D:2      | Reached skill level 1 in Crossbows
  1178 | D:2      | Reached skill level 1 in Throwing
  1178 | D:2      | Reached skill level 1 in Armour
  1178 | D:2      | Reached skill level 1 in Shields
  1178 | D:2      | Reached skill level 1 in Unarmed Combat
  1178 | D:2      | Reached skill level 1 in Evocations
  1415 | D:2      | Reached XP level 4. HP: 29/32 MP: 7/11
  2146 | D:3      | Reached skill level 1 in Conjurations
  2146 | D:3      | Reached skill level 1 in Hexes
  2146 | D:3      | Reached skill level 1 in Summonings
  2146 | D:3      | Reached skill level 1 in Necromancy
  2146 | D:3      | Reached skill level 1 in Translocations
  2146 | D:3      | Reached skill level 1 in Transmutations
  2146 | D:3      | Reached skill level 1 in Fire Magic
  2146 | D:3      | Reached skill level 1 in Air Magic
  2146 | D:3      | Reached skill level 1 in Earth Magic
  2146 | D:3      | Reached skill level 1 in Poison Magic
  2431 | D:4      | Reached XP level 5. HP: 37/37 MP: 8/12
  2439 | D:4      | Learned a level 3 spell: Ozocubu's Armour
  2444 | D:4      | Learned a level 4 spell: Hailstorm
  2653 | D:4      | Found a staircase to the Ecumenical Temple.
  2699 | Temple   | Entered the Ecumenical Temple
  2936 | Temple   | Became a worshipper of Sif Muna the Loreminder
  3064 | D:4      | Noticed a phantom
  3194 | D:4      | Reached XP level 6. HP: 44/44 MP: 9/13
  3621 | D:4      | Found a white marble altar of Elyvilon.
  3621 | D:4      | Noticed an angel
  3622 | D:4      | Found a runed translucent door.
  3906 | D:4      | Reached skill level 5 in Dodging
  3992 | D:5      | Entered Level 5 of the Dungeon
  4193 | D:5      | Noticed an orc warrior
  4204 | D:5      | Killed an orc warrior
  4204 | D:5      | Reached XP level 7. HP: 50/50 MP: 5/15
  4536 | D:5      | Found a sacrificial altar of Ru.
  4589 | D:5      | Found an ornate altar of the Wu Jian Council.
  5006 | D:6      | Learned a level 4 spell: Summon Ice Beast
  5064 | D:6      | Reached * piety under Sif Muna
  5106 | D:6      | Got a brightly glowing halberd
  5106 | D:6      | Reached skill level 5 in Stealth
  5109 | D:6      | Identified the +7 halberd of the Slashing Hawk {vorpal,
                  | *Noise rN+ Str+9 Stlth+} (You found it on level 6 of the
                  | Dungeon)
  5402 | D:6      | Noticed Prince Ribbit
  5414 | D:6      | Reached XP level 8. HP: 57/57 MP: 9/16
  5587 | D:6      | Found Gureces's Book Shop.
  5786 | D:6      | Killed Prince Ribbit
  5961 | D:7      | Noticed a +0 dagger
  5962 | D:7      | Found a hide-covered altar of Uskayaw.
  5962 | D:7      | Noticed a +0 hand axe
  6211 | D:7      | Reached XP level 9. HP: 64/65 MP: 18/18
  6866 | D:8      | Noticed a two-headed ogre
  6883 | D:8      | Killed a two-headed ogre
  6883 | D:8      | Reached skill level 8 in Ice Magic
  6978 | D:8      | Reached ** piety under Sif Muna
  7000 | D:8      | Reached skill level 5 in Invocations
  7419 | D:8      | Found a staircase to the Lair.
  7484 | D:8      | Reached XP level 10. HP: 63/73 MP: 20/20
  8094 | D:9      | Reached skill level 5 in Fighting
  8094 | D:9      | Reached skill level 5 in Short Blades
  8094 | D:9      | Reached skill level 5 in Long Blades
  8094 | D:9      | Reached skill level 5 in Axes
  8094 | D:9      | Reached skill level 5 in Maces & Flails
  8094 | D:9      | Reached skill level 5 in Polearms
  8094 | D:9      | Reached skill level 5 in Staves
  8094 | D:9      | Reached skill level 5 in Slings
  8094 | D:9      | Reached skill level 5 in Bows
  8094 | D:9      | Reached skill level 5 in Crossbows
  8094 | D:9      | Reached skill level 5 in Throwing
  8094 | D:9      | Reached skill level 5 in Armour
  8094 | D:9      | Reached skill level 5 in Shields
  8094 | D:9      | Reached skill level 5 in Unarmed Combat
  8094 | D:9      | Reached skill level 5 in Evocations
  8201 | D:9      | Found an opulent altar of Gozag.
  8201 | D:9      | Found a shadowy altar of Dithmenos.
  8381 | D:9      | Found a shadowy altar of Dithmenos.
  8383 | D:9      | Reached *** piety under Sif Muna
  8850 | D:9      | Found a staircase to the Orcish Mines.
  8872 | D:9      | Reached **** piety under Sif Muna
  8885 | D:9      | You fall into a shaft and drop 2 floors!
  9148 | D:11     | Found a frozen archway.
  9192 | D:11     | You fall into a shaft and drop 1 floor!
  9288 | D:12     | Noticed a tengu warrior
  9302 | D:12     | Killed a tengu warrior
  9302 | D:12     | Reached XP level 11. HP: 57/81 MP: 13/22
  9551 | D:12     | Reached skill level 5 in Conjurations
  9551 | D:12     | Reached skill level 5 in Hexes
  9551 | D:12     | Reached skill level 5 in Summonings
  9551 | D:12     | Reached skill level 5 in Necromancy
  9551 | D:12     | Reached skill level 5 in Translocations
  9551 | D:12     | Reached skill level 5 in Transmutations
  9551 | D:12     | Reached skill level 5 in Fire Magic
  9551 | D:12     | Reached skill level 5 in Air Magic
  9551 | D:12     | Reached skill level 5 in Earth Magic
  9551 | D:12     | Reached skill level 5 in Poison Magic
  9981 | D:12     | Noticed a centaur warrior
  9982 | D:12     | Noticed BruhMomento's ghost (journeyman SpBr)
  9986 | D:12     | Found a runed translucent door.
 10208 | D:12     | Noticed a seven-headed hydra
 10217 | D:12     | Killed a seven-headed hydra
 10937 | D:12     | Identified the +6 shortbow of Luav {freeze, rPois rF++
                  | Int-3}
 10955 | D:12     | Killed BruhMomento's ghost
 10965 | D:12     | Killed a centaur warrior
 10965 | D:12     | Reached skill level 9 in Ice Magic
 11364 | D:10     | Entered Level 10 of the Dungeon
 11805 | D:10     | Noticed Maurice
 12527 | D:10     | Killed Maurice
 13303 | Orc:1    | Entered Level 1 of the Orcish Mines
 13460 | Orc:1    | Noticed a two-headed ogre
 13471 | Orc:1    | Killed a two-headed ogre
 14035 | Orc:2    | Entered Level 2 of the Orcish Mines
 14109 | Orc:2    | Found a shimmering altar of Xom.
 14171 | Orc:2    | Found a staircase to the Elven Halls.
 14177 | Orc:2    | Noticed an orc sorcerer
 14185 | Orc:2    | Paralysed by an orc sorcerer for 3 turns
 14185 | Orc:2    | Killed an orc sorcerer
 14185 | Orc:2    | Reached XP level 12. HP: 89/89 MP: 6/24
 14539 | Orc:2    | Noticed a soul eater
 14631 | Orc:2    | Noticed an orc high priest
 14710 | Orc:2    | Reached ***** piety under Sif Muna
 14710 | Orc:2    | Received a gift from Sif Muna
 14726 | Orc:2    | Killed an orc high priest
 15656 | Orc:2    | Noticed an orc high priest
 15660 | Orc:2    | Paralysed by an orc sorcerer for 2 turns
 15661 | Orc:2    | HP: 2/91 [orc sorcerer/bolt of fire (34)]
 15663 | Orc:2    | Killed from afar by a smoke demon

Illustrated notes

Levels and vault maps discovered:
D:1:      roderic_octagonal_star, layout_basic, minmay_box_of_dots
D:2:      layout_loops_ring, fedhas_altar_1
D:3:      layout_rooms
D:4:      layout_loops_corners, minmay_temple_entry_slanted, lemuel_angel_altar
D:5:      layout_basic, kennysheep_mini, hex_medium, nicolae_ru_awakened_eye
D:6:      layout_basic, serial_shops, shop, uniq_prince_ribbit1
D:7:      layout_basic, dancing_weapons_uskayaw
D:8:      layout_loops_ring, lair_entry_dummy, special_room [special_room_orc]
D:9:      layout_basic, grunt_temple_overflow_open, zombieorc2_lemuel,
          minmay_misc_feat_ornament, grunt_dithmenos_shadows
D:10:     layout_stronghold, chequers_jeans, dk_rats_in_the_wall, uniq_maurice
D:11:     layout_loops_ring, portal_ice_cave_demonic_guard
D:12:     layout_cave_pods, ebering_ghost_inner_flame
Temple:   dpeg_five_rooms_temple
Orc:1:    layout_caves
Orc:2:    grunt_orc_tribal_feast, layout_caves, basic_altar

Skill      XL: |  1  2  3  4  5  6  7  8  9 10 11 12 |
---------------+-------------------------------------+-----
Spellcasting   | 5 6 7 8 |  8.9
Invocations    | 1 2 3 4 5 6 7 |  7.9
Fighting       | 1 2 3 4 5 6 7 |  7.2
Short Blades   | 1 2 3 4 5 6 7 |  7.2
Long Blades    | 1 2 3 4 5 6 7 |  7.2
Axes           | 1 2 3 4 5 6 7 |  7.2
Maces & Flails | 1 2 3 4 5 6 7 |  7.2
Polearms       | 1 2 3 4 5 6 7 |  7.2
Staves         | 1 2 3 4 5 6 7 |  7.2
Slings         | 1 2 3 4 5 6 7 |  7.2
Bows           | 1 2 3 4 5 6 7 |  7.2
Crossbows      | 1 2 3 4 5 6 7 |  7.2
Throwing       | 1 2 3 4 5 6 7 |  7.2
Armour         | 1 2 3 4 5 6 7 |  7.2
Shields        | 1 2 3 4 5 6 7 |  7.2
Unarmed Combat | 1 2 3 4 5 6 7 |  7.2
Evocations     | 1 2 3 4 5 6 7 |  7.2
Conjurations   | 1 2 3 4 5 6 |  6.0
Hexes          | 1 2 3 4 5 6 |  6.0
Summonings     | 1 2 3 4 5 6 |  6.0
Necromancy     | 1 2 3 4 5 6 |  6.0
Translocations | 1 2 3 4 5 6 |  6.0
Transmutations | 1 2 3 4 5 6 |  6.0
Fire Magic     | 1 2 3 4 5 6 |  6.0
Air Magic      | 1 2 3 4 5 6 |  6.0
Earth Magic    | 1 2 3 4 5 6 |  6.0
Poison Magic   | 1 2 3 4 5 6 |  6.0
Dodging        | 5 6 7 8 |  8.6
Stealth        | 5 6 7 8 |  8.4
Ice Magic      | 8 9 |  9.4

Action                   |  1- 3 |  4- 6 |  7- 9 | 10-12 || total
-------------------------+-------+-------+-------+-------++-------
Melee: Unarmed           |    21 |       |       |       ||    21
       Bite              |     2 |     6 |     6 |    16 ||    30
       Short sword       |     8 |    66 |    38 |       ||   112
       Halberd           |       |       |    81 |   215 ||   296
 Cast: Freeze            |    21 |     5 |     1 |       ||    27
       Frozen Ramparts   |    11 |    22 |    33 |    67 ||   133
       Hailstorm         |       |     1 |     2 |     7 ||    10
       Summon Ice Beast  |       |       |     7 |   103 ||   110
Invok: Channel Magic     |       |       |       |     3 ||     3
  Use: Scroll            |       |       |    11 |    10 ||    21
       Potion            |       |       |       |     3 ||     3
 Stab: Sleeping          |     3 |     1 |     8 |     4 ||    16
       Distracted        |       |       |       |     5 ||     5
Armor: Robe              |     6 |    21 |    24 |    38 ||    89
Dodge: Dodged            |    30 |    79 |    79 |   258 ||   446

Table legend: (Time is in decaauts)
 A = Elapsed time spent in this place.
 B = Non-inter-level travel time spent in this place.
 C = Inter-level travel time spent in this place.
 D = Time resting spent in this place.
 E = Time spent auto-exploring this place.
 F = Levels seen in this place.
 G = Mean time per level.
                   A        B        C        D        E       F      G
               +--------+--------+--------+--------+--------+-----+--------+
         Total |  15749 |  15296 |    453 |    507 |  11783 |  15 | 1049.9 |
       Dungeon |  13096 |  12729 |    367 |    451 |   9669 |  12 | 1091.3 |
        Temple |    288 |    211 |     77 |      0 |    210 |   1 |  288.0 |
  Orcish Mines |   2364 |   2356 |      8 |     56 |   1904 |   2 | 1182.0 |
               +--------+--------+--------+--------+--------+-----+--------+

Top non-repeatable levels by time:
    D:12: 2017 daAuts
   Orc:2: 1631 daAuts
     D:8: 1526 daAuts
    D:10: 1447 daAuts
     D:4: 1165 daAuts
     D:9: 1023 daAuts
     D:2: 1005 daAuts
     D:5: 992 daAuts
     D:6: 954 daAuts
     D:7: 946 daAuts
     D:3: 827 daAuts
   Orc:1: 732 daAuts
     D:1: 706 daAuts
    D:11: 484 daAuts
  Temple: 288 daAuts
